AoeStats
← denismca

Black Forest

509368403Analyzed
4v4 RM · 7d ago on Sep 26, 2026· 59m 34s· 8 players
Game mode
Random Map
Map size
Large (8 player)
Population
200
Speed
Normal
Resources
Standard
Victory
Conquest
Starting age
Dark Age
Ending age
Imperial Age
RankedLock teamsTeams togetherTeam positionsShared explorationLock speedFull tech treeHidden civsTurbo modeCheats
Victory
Defeat
🇹🇷 Magyars · Türkiye
604
+15
🇺🇸 Mongols · United States
584
+16
🇹🇷 Turks · Türkiye
482
+20
🇨🇦 Vikings · Canada
474
+20
🇩🇰 Slavs · Denmark
671
-23
🇨🇳 Huns · China
608
-19
🇨🇳 Khmer · China
586
-18
🇮🇪 Britons · Ireland
417
-11
TSİNTSADZE
13:53 Feudal Age
15:01 Double-Bit Axe
14:59 Horse Collar
25:10 Castle Age
23:47 Wheelbarrow
26:18 Bow Saw
26:10 Heavy Plow
26:02 Gold Mining
26:02 Stone Mining
30:32 Hand Cart
35:44 Imperial Age
34:34 Forging
34:15 Fletching
34:54 Squires
35:00 Padded Archer Armor
36:22 Iron Casting
35:42 Bodkin Arrow
37:28 Two-Man Saw
38:20 Hoardings
38:57 Elite Janissary
42:38 Blast Furnace
41:33 Bodkin Arrow
The kantinci
14:11 Feudal Age
21:20 Castle Age
19:16 Double-Bit Axe
19:36 Stone Mining
20:31 Scale Barding Armor
22:39 Bow Saw
23:15 Caravan
23:52 Chain Barding Armor
25:56 Wheelbarrow
25:35 Horse Collar
28:07 Hand Cart
31:55 Imperial Age
31:35 Treadmill Crane
32:04 Corvinian Army
32:54 Loom
32:56 Town Watch
34:07 Plate Barding Armor
33:20 Elite Magyar Huszar
34:28 Conscription
34:48 Heavy Plow
35:08 Scale Mail Armor
38:57 Two-Man Saw
39:13 Pikeman
47:05 Halberdier
56:05 Chain Mail Armor
55:51 Padded Archer Armor
55:42 Fletching
55:43 Arson
57:07 Chemistry
56:28 Ballistics
56:15 Siege Engineers
56:02 Guard Tower
bigbaloopa
1:10 Loom
18:57 Feudal Age
20:24 Horse Collar
20:38 Man-at-Arms
22:00 Wheelbarrow
25:07 Town Watch
26:56 Arson
29:45 Gold Mining
29:50 Stone Mining
35:57 Castle Age
36:47 Crossbowman
38:11 Heavy Plow
39:19 Long Swordsman
41:15 Thumb Ring
42:45 Hand Cart
43:47 Gold Shaft Mining
43:56 Caravan
44:07 Double-Bit Axe
48:22 Elite Skirmisher
48:31 Pikeman
49:51 Squires
52:05 Ballistics
55:46 Hand Cart
56:42 Bow Saw
61:20 Imperial Age
denismca
0:36 Loom
15:15 Feudal Age
16:36 Horse Collar
16:43 Double-Bit Axe
17:37 Gold Mining
17:38 Stone Mining
25:55 Castle Age
26:25 Forging
26:16 Scale Mail Armor
26:07 Fletching
29:23 Bow Saw
29:27 Heavy Plow
32:45 Fortified Wall
32:50 Masonry
42:13 Caravan
42:44 Coinage
43:54 Murder Holes
44:20 Ballistics
43:41 Treadmill Crane
43:52 Guard Tower
47:31 Chieftains
51:56 Imperial Age
52:54 Coinage
55:12 Two-Man Saw
54:45 Crop Rotation
54:53 Iron Casting
54:34 Chain Mail Armor
54:15 Bodkin Arrow
54:13 Elite Varangian Guard
56:23 Elite Berserk
60:07 Chemistry
59:38 Architecture
60:14 Blast Furnace
kealanmurphy83
2:12 Loom
22:55 Feudal Age
23:30 Arson
北风
0:31 Loom
14:23 Feudal Age
15:00 Double-Bit Axe
15:33 Horse Collar
15:47 Gold Mining
16:47 Stone Mining
22:53 Castle Age
23:39 Bloodlines
23:44 Forging
23:40 Scale Barding Armor
25:10 Gold Shaft Mining
24:37 Heavy Plow
24:50 Bow Saw
25:15 Husbandry
26:03 Caravan
27:54 Wheelbarrow
29:00 Hand Cart
30:28 Iron Casting
30:13 Chain Barding Armor
31:15 Marauders
39:09 Imperial Age
39:13 Elite Tarkan
42:28 Conscription
43:34 Blast Furnace
43:20 Plate Barding Armor
42:44 Murder Holes
43:10 Ballistics
54:12 Elite Skirmisher
54:17 Pikeman
54:58 Squires
54:34 Crossbowman
57:05 Thumb Ring
AYW
10:15 Feudal Age
10:44 Double-Bit Axe
12:20 Wheelbarrow
15:23 Horse Collar
21:07 Castle Age
19:30 Stone Mining
20:29 Gold Mining
25:55 Coinage
28:53 Heavy Plow
29:16 Bow Saw
29:53 Hand Cart
33:11 Hand Cart
35:26 Stone Shaft Mining
35:30 Gold Shaft Mining
35:36 Gold Shaft Mining
43:40 Caravan
46:13 Tusk Swords
Zatanas6800
0:41 Loom
14:19 Feudal Age
14:52 Double-Bit Axe
14:50 Horse Collar
23:58 Castle Age
22:22 Stone Mining
23:20 Wheelbarrow
22:31 Town Watch
26:23 Fletching
26:48 Bow Saw
26:42 Heavy Plow
26:52 Gold Mining
32:20 Imperial Age
30:39 Caravan
32:54 Hand Cart
32:37 Elite Skirmisher
33:22 Padded Archer Armor
34:26 Chemistry
33:47 Ballistics
33:24 Murder Holes
34:16 Conscription
34:22 Town Patrol
34:23 Bodkin Arrow
36:14 Scale Barding Armor
36:20 Forging
36:34 Light Cavalry
37:17 Husbandry
37:28 Bloodlines
37:08 Hussar
39:14 Leather Archer Armor
39:21 Chain Barding Armor
43:54 Siege Engineers
44:00 Pikeman
45:07 Druzhina
45:56 Elite Boyar
47:47 Ring Archer Armor
47:55 Iron Casting
50:10 Plate Barding Armor
49:51 Onager
52:05 Masonry
59:01 Halberdier
59:41 Squires
59:47 Scale Mail Armor
60:48 Blast Furnace
Connection lost

Rejoining the realm…

Still unreachable

The connection could not be restored.

Session expired

The server has moved on; the page needs a fresh start.